Unix NetHack Version 3.7.0-101 Work-in-progress - last build Mar 4 2024 02:26:32 (3c4ac04b664b9ee0831c739617f054b5b60dbfd1,branch:master). Game began 2024-03-12 13:06:06, ended 2024-03-12 13:19:38. elenmirie, neutral female gnomish Archeologist ---------- ------############# --------------- |........- ##.^...|# ------# |.........._..| |........| # # |{..>|# |..<..#####-.............| |.........########### ---.--# |....|# |.)...........| |........| ###########0 +....|#####-_.)......._..| |........| # |....| ----a---------- |........| #### ------ #@## ----.----- # ##### ----------- # # ## |.>.......| # # # |.....^..^| ## ######## ### # |..........## # #### # ################# ----+-*-- |.........| # # #-.-----.---# 0####........| |.........| # # #|.........| |[..[...| ----------- # ---|-- #|......%..| |......[| #### |....| #|.........| |.......| # |`....###################|.........| |.......| ##.....| #+.......... --------- ------ ----------- Elenmirie the Field Worker St:13 Dx:11 Co:12 In:16 Wi:17 Ch:11 Neutral Dlvl:3 $:46 HP:0(33) Pw:33(33) AC:3 Xp:5/230 T:4932 Burdened Latest messages: You finish eating the food ration. You stop searching. The goblin wields a crude dagger! You kill the goblin! You kill the gas spore! Boom! The floating eye is caught in the gas spore's explosion! You kill the floating eye! The floating eye is caught in the gas spore's explosion! You kill the floating eye! You are caught in the gas spore's explosion! You have a little trouble lifting R - a goblin corpse. Your movements are slowed slightly because of your load. You see here a floating eye corpse. You have a little trouble lifting S - a floating eye corpse. You miss the acid blob. You see here an iron skull cap. The giant ant misses! The giant ant bites! The giant ant bites! The giant ant bites! You kill the giant ant! You miss the giant ant. The giant ant misses! You miss the giant ant. The giant ant bites! The giant ant misses! You hit the giant ant! The giant ant bites! You miss the giant ant. The giant ant bites! The giant ant misses! You kill the giant ant! You have a little trouble lifting T - a giant ant corpse. The giant ant bites! You miss the giant ant. The giant ant misses! You hit the giant ant. The giant ant misses! The giant ant bites! You miss the giant ant. The giant ant bites! The giant ant bites! The giant ant bites! You die... Do you want your possessions identified? [ynq] (y) y Do you want to see your attributes? [ynq] (y) y Do you want an account of creatures vanquished? [ynaq] (y) y Do you want to see your conduct and achievements? [ynq] (y) y Do you want to see the dungeon overview? [ynq] (y) y Inventory: Coins $ - 46 gold pieces Weapons O - 9 cursed -3 darts a - an uncursed +2 bullwhip C - the uncursed rustproof +0 Giantslayer (weapon in left hand) Armor c - an uncursed +0 fedora A - an uncursed +0 orcish helm (being worn) o - an uncursed +0 pair of elven boots (being worn) j - an uncursed +1 cloak of protection (being worn) b - an uncursed +0 leather jacket (being worn) Comestibles d - an uncursed food ration S - an uncursed floating eye corpse T - an uncursed giant ant corpse R - an uncursed goblin corpse Wands p - an uncursed wand of striking (0:4) Tools w - an uncursed sack containing 9 items e - an uncursed +0 pick-axe (alternate weapon; not wielded) t - an uncursed tinning kit (0:90) Gems/Stones g - an uncursed touchstone Contents of the sack: an uncursed scroll of fire 2 uncursed scrolls of light an uncursed scroll of magic mapping an uncursed scroll of remove curse a cursed potion of fruit juice a blessed potion of hallucination an uncursed potion of oil a cursed potion of restore ability 2 uncursed potions of sickness Elenmirie the Archeologist's attributes: Background: You were a Field Worker, a level 5 female gnomish Archeologist. You were neutral, on a mission for Camaxtli who was opposed by Quetzalcoatl (lawful) and Huhetotl (chaotic). You were left-handed. You were in the Dungeons of Doom, on level 3. You entered the dungeon 4932 turns ago. There was a new moon in effect when your adventure ended. You had 230 experience points, 90 more were needed to attain level 6. Basics: You had 0 out of 33 hit points. You had all 33 energy points (spell power). Your armor class was 3. Your wallet contained 46 zorkmids. Autopickup was on for '$' plus thrown. Final Characteristics: Your strength was 13 (limit:18/50). Your dexterity was 11 (limit:18). Your constitution was 12 (limit:18). Your intelligence was 16 (limit:19). Your wisdom was 17 (limit:18). Your charisma was 11 (limit:18). Final Status: You weren't hungry. You were burdened; movement was slightly slowed. You were wielding a long sword. You had basic skill with long sword. Final Attributes: You were piously aligned. You were telepathic. You had automatic searching. You had infravision. You were stealthy. You were protected. You are dead. Miscellaneous: You never encountered a bones level. Total elapsed playing time was 13 minutes and 28 seconds. Major events: Turn 1: elenmirie the neutral female gnomish Archeologist entered the dungeon 1201: entered the Gnomish Mines 1323: attained the rank of Field Worker (level 3) 1928: was bestowed with Giantslayer by Camaxtli 4932: killed by a giant ant Vanquished creatures: a shrieker 2 giant ants a little dog 3 floating eyes a kitten a kobold leader 2 iguanas 2 coyotes a gas spore 4 manes a large kobold 6 giant rats a cave spider a brown mold 2 yellow molds a green mold 2 gnome zombies 4 geckos 12 jackals 3 foxes 2 kobolds 3 goblins 2 sewer rats 4 grid bugs 2 bats 7 lichens 6 newts 77 creatures vanquished. No species were genocided or became extinct. Voluntary challenges: You were illiterate. You never engraved Elbereth. You never genocided any monsters. You never polymorphed an object. You never changed form. You used no wishes. Achievements: You entered a shop. You entered the Gnomish Mines. You attained the rank of Field Worker. The Dungeons of Doom: levels 1 to 4 Level 1: Level 2: A fountain. Level 3: <- You were here. Many altars, a sink. Stairs down to The Gnomish Mines. Final resting place for you, killed by a giant ant. Level 4: The Gnomish Mines: Level 4: Game over: ---------- / \ / REST \ / IN \ / PEACE \ / \ | elenmirie | | 46 Au | | killed by a | | giant ant | | | | | | 2024 | *| * * * | * _________)/\\_//(\/(/\)/\//\/|_)_______ Goodbye elenmirie the Archeologist... You died in The Dungeons of Doom on dungeon level 3 with 1112 points, and 46 pieces of gold, after 4932 moves. You were level 5 with a maximum of 33 hit points when you died.